 Dungeon Crawl Stone Soup version 0.17-a0-1718-g72dbe4d (webtiles) character file.

526 kae the Cudgeler (level 7, -1/78 HPs)
             Began as a Demonspawn Abyssal Knight on Aug 24, 2015.
             Was a Priest of Lugonu.
             Slain by a wraith (2 damage)
             ... in an ossuary.
             The game lasted 00:05:47 (3996 turns).

kae the Cudgeler (Demonspawn Abyssal Knight)        Turns: 3996, Time: 00:05:47

Health: -1/78      AC: 23    Str: 15    XL:     7   Next: 2%
Magic:  8/8        EV:  2    Int: 13    God:    Lugonu [***...]
Gold:   359        SH:  0    Dex: 12    Spells: 0 memorised, 6 levels left

rFire  . . .     SeeInvis .     a - +1 mace
rCold  . . .     Clarity  .     (armour currently unavailable)
rNeg   + + +     SustAt   .     (no shield)
rPois  +         Gourm    .     (helmet currently unavailable)
rElec  .         Spirit   .     (cloak currently unavailable)
rCorr  .         Warding  .     (gloves currently unavailable)
rMut   .         NoTele   +     (boots currently unavailable)
MR     +....                    (no amulet)
Stlth  +.........               (no ring)
                                u - ring of protection from magic

@: tree-form (expiring), slowed, drained, very slow, somewhat resistant to
hostile enchantments, very unstealthy
A: demonic guardian 1, (spiny 0)
a: Depart the Abyss, Bend Space, Banish, Renounce Religion


You were in an ossuary.
You worshipped Lugonu.
Lugonu was most pleased with you.
You were near starving.
You were a tree.
You visited 2 branches of the dungeon, and saw 7 of its levels.
You visited the Abyss 1 time.
You also visited: Ossuary.

You collected 359 gold pieces.

Inventory:

Hand weapons
 a - a +1 mace (weapon)
Armour
 b - a +0 leather armour
 e - a +0 pair of boots (melded)
 k - a +1 cloak (melded)
 s - the cursed +1 ring mail of Focus (melded) {Dex+3}
   (You found it on level 4 of the Dungeon)

   It affects your dexterity (+3).
   It has a curse placed upon it.
Jewellery
 u - a ring of protection from magic (left branch)
 w - a cursed ring of loudness {unknown}
Magical devices
 z - a wand of teleportation (4)
 B - a wand of disintegration (14)
 F - a wand of draining (10)
 I - a wand of draining (7)
 J - a wand of cold (13)
Scrolls
 h - 6 scrolls of identify
 j - a scroll of fog
 l - a scroll of enchant armour
 p - 4 scrolls of remove curse
 y - a scroll of recharging {unknown}
 C - a scroll of noise {unknown}
 D - a scroll of amnesia {unknown}
 E - a scroll of enchant weapon {unknown}
 G - a scroll of blinking {unknown}
Potions
 g - 2 potions of mutation
 i - 2 potions of brilliance {unknown}
 m - a potion of invisibility {unknown}
 o - a potion of agility {unknown}
 q - a potion of curing {unknown}
 t - 3 potions of lignification
 v - a potion of berserk rage {unknown}
 A - 2 potions of magic {unknown}
 H - a potion of poison {unknown}
 K - a potion of cure mutation {unknown}
Comestibles
 c - 6 bread rations
 d - 11 fruits
 f - 3 meat rations
 n - a slice of pizza
 x - a beef jerky


   Skills:
 - Level 3.0(2.9) Fighting
 + Level 7.0 Maces & Flails
 - Level 1.7 Armour
 - Level 0.8 Dodging
 - Level 2.4 Invocations


You had 6 spell levels left.
You didn't know any spells.

Dungeon Overview and Level Annotations

Branches:
Dungeon (6/15)             Temple (1/1) D:5

Altars:
Cheibriados
Dithmenos
Fedhas
Gozag
Makhleb
Nemelex Xobeh
Qazlal
Yredelemnul

Shops:
D:4 [   D:5 (

Annotations:
D:3 kae's ghost, average MiFi


Innate Abilities, Weirdness & Mutations

A weak demonic guardian rushes to your aid.
((You are partially covered in sharp spines.))


Message History

Your quasit closely misses the wraith.
Your quasit barely misses the wraith.
The wraith hits you but does no damage.
Unknown command.
Unknown command.
You sock the wraith!
The wraith is severely damaged.
Your crimson imp disappears in a puff of smoke!
Your transformation is almost over.
Your quasit bites the wraith.
Your quasit closely misses the wraith.
Your quasit barely misses the wraith. x2
Your quasit closely misses the wraith.
Your quasit claws the wraith but does no damage.
The wraith hits your quasit!
Unknown command.
Unknown command.
You closely miss the wraith.
The wraith is severely damaged.
Your quasit barely misses the wraith.
Your quasit misses the wraith.
Your quasit barely misses the wraith.
The wraith hits you.
You die...

#.###.###.###.#
#.............#
#.............#
#.###.....###.#
#.#z#.....#z#.#
#.###.....###.#
#.............#
#.............#
#.###.###.###♣#
#.# #.#z#.#.#W#
#.+##.###.##'5#
#.............#
######'#######
#.# ###.###
#W▓.▓z# ###.###


You could see a wraith, a flying skull and a friendly quasit.

Vanquished Creatures
  A phantom (D:6)
  2 wights (Ossuary)
  A crimson imp (D:5)
  2 orc wizards
  A hound (D:5)
  2 worker ants (D:6)
  2 centaur skeletons
  A mummy (D:6)
  3 adders
  An adder zombie (Ossuary)
  A worm (D:2)
  6 giant geckos
  3 orcs
  4 bats (D:2)
  6 hobgoblins
  12 kobolds
  A quokka (D:5)
  2 ball python skeletons (Ossuary)
  4 giant cockroaches
  9 giant newts
  8 goblins
  3 hobgoblin zombies (Ossuary)
  9 jackals
  2 kobold zombies (Ossuary)
  An orc skeleton (Ossuary)
  An orc zombie (Ossuary)
  A quokka zombie (D:5)
  8 rats
  A spectral orc (D:3)
98 creatures vanquished.

Notes
Turn   | Place    | Note
--------------------------------------------------------------
     0 | Abyss:1  | kae the Demonspawn Abyssal Knight began the quest for the Orb.
     0 | Abyss:1  | Reached XP level 1. HP: 18/18 MP: 2/2
    13 | D:1      | Escaped the Abyss
   130 | D:1      | Gained mutation: You are partially covered in sharp spines. [demonic ancestry]
   130 | D:1      | Reached XP level 2. HP: 24/24 MP: 3/3
   509 | D:1      | Acquired Lugonu's second power
   792 | D:2      | Reached XP level 3. HP: 20/29 MP: 4/4
   851 | D:2      | Found a sparkling altar of Nemelex Xobeh.
  1254 | D:3      | Reached skill level 4 in Maces & Flails
  1254 | D:3      | Reached XP level 4. HP: 21/35 MP: 5/5
  1529 | D:3      | Noticed kae's ghost (average MiFi)
  1535 | D:3      | Found a faded altar to an unknown god.
  1657 | D:3      | Acquired Lugonu's third power
  1814 | D:3      | Found a basalt altar of Yredelemnul.
  2183 | D:3      | Reached XP level 5. HP: 32/41 MP: 6/6
  2324 | D:4      | Reached skill level 5 in Maces & Flails
  2358 | D:4      | Got a faintly humming ring mail
  2369 | D:4      | Identified the cursed +1 ring mail of Focus {Dex+3} (You found it on level 4 of the Dungeon)
  2452 | D:4      | Found Nais's Antique Armour Shop.
  2596 | D:4      | Found a blossoming altar of Fedhas.
  2694 | D:5      | Entered Level 5 of the Dungeon
  2916 | D:5      | Found Bohaafri's Antique Weapon Boutique.
  3227 | D:5      | Reached XP level 6. HP: 47/47 MP: 7/7
  3274 | D:5      | Found a snail-covered altar of Cheibriados.
  3321 | D:5      | Found a staircase to the Ecumenical Temple.
  3327 | Temple   | Entered the Ecumenical Temple
  3528 | D:6      | Reached skill level 6 in Maces & Flails
  3729 | D:6      | Found a sand-covered staircase.
  3758 | Ossuary  | Entered an ossuary
  3885 | Ossuary  | Noticed a wraith
  3885 | Ossuary  | Noticed a flying skull
  3892 | Ossuary  | Noticed a flying skull
  3896 | Ossuary  | Noticed a flying skull
  3918 | Ossuary  | Noticed a flying skull
  3948 | Ossuary  | Noticed a flying skull
  3958 | Ossuary  | Reached skill level 7 in Maces & Flails
  3958 | Ossuary  | Gained mutation: A weak demonic guardian rushes to your aid. [demonic ancestry]
  3958 | Ossuary  | Reached XP level 7. HP: 46/52 MP: 8/8
  3972 | Ossuary  | Noticed a wraith
  3977 | Ossuary  | HP: 1/52 [wraith (10)]
  3994 | Ossuary  | HP: 1/78 [wraith (6)]
  3996 | Ossuary  | Slain by a wraith

Vault maps used:
D:1:      dpeg_arrival_radiant, minmay_vboxes
D:2:      lemuel_round_altar
D:3:      yredelemnul_forgotten_temple_becter, ecumenical_altar_1, first_bread
D:4:      kennysheep_mini_moat, serial_shops, shop
D:5:      kennysheep_little_box, minmay_temple_entry_fiery, serial_shops, shop
D:6:      lightli_temple_of_fire, gup_ossuary_entry_pyramid, serial_shops,
          nicolae_shop_crystal, uniq_sigmund
Temple:   circular_temple_12
Ossuary:  ossuary_due_cavern

Action                   |  1- 3 |  4- 6 |  7- 9 || total
-------------------------+-------+-------+-------++-------
Melee: Mace              |    53 |   114 |    20 ||   187
Invok: Bend Space        |       |     1 |       ||     1
  Use: Scroll            |       |    12 |       ||    12
       Potion            |       |     2 |     2 ||     4
  Eat: Chunk             |       |     8 |       ||     8
